 Dungeon Crawl Stone Soup version 0.29-a0-194-g6e3aafee17 (webtiles) character file.

Game seed: 15683558115449882914

13164 fragbeetle the Fighter (level 12, -2/91 HPs)
             Began as a Djinni Conjurer on Feb 23, 2022.
             Was a Believer of Makhleb.
             Slain by a seven-headed hydra (5 damage)
             ... on level 1 of the Lair of Beasts.
             The game lasted 00:38:35 (11782 turns).

fragbeetle the Fighter (Djinni Conjurer)           Turns: 11782, Time: 00:38:36

Health: -2/91      AC: 10    Str:  8    XL:     12   Next: 29%
Gold:   617        EV: 11    Int: 22    God:    Makhleb [**....] SH: 10 Dex: 12

rFire   + + +      SeeInvis .   T - +0 long sword (elec)
rCold   x . .      Faith    .   i - +2 buckler
rNeg    + + .      Spirit   .   X - +3 leather armour of Failure {rC+ Int+2}
rPois   ∞          Reflect  +   Y - +2 hat
rElec   .          Harm     .   V - +0 cloak
rCorr   +          Rampage  .   l - +0 pair of gloves
Will    +....                   (boots unavailable)
Stlth   +.........              Q - amulet of reflection
HPRegen 0.25/turn               o - ring of Zarenk {rPois rN++ rCorr Int-3}
MPRegen 0.00/turn               q - ring of fire

@: flying
A: sickness immunity, fire resistance 2, cold vulnerability 1, float, innate
caster, HP casting, extra vitality 1
a: Renounce Religion, Minor Destruction


You were on level 1 of the Lair of Beasts.
You worshipped Makhleb.
Makhleb was pleased with you.
You visited 3 branches of the dungeon, and saw 13 of its levels.
You also visited: Ossuary.

You collected 617 gold pieces.

Inventory:

Hand Weapons
 I - the +3 mace of Misery {drain, Str+4}
   (You found it on level 6 of the Dungeon)

   A truly terrible weapon, it drains the life of any living foe it strikes.
   Str:       It affects your strength (+4).
 T - a +0 long sword of electrocution (weapon)
Missiles
 u - 483 stones
 v - a throwing net
 x - 23 poisoned darts
 S - 4 atropa-tipped darts
Armour
 i - a +2 buckler (worn)
 l - a +0 pair of gloves (worn)
 V - a +0 cloak (worn)
 X - the +3 leather armour of Failure (worn) {rC+ Int+2}
   (You found it on level 9 of the Dungeon)

   Int:       It affects your intelligence (+2).
   rC:        It protects you from cold.
 Y - a +2 hat (worn)
Jewellery
 o - the ring of Zarenk (left hand) {rPois rN++ rCorr Int-3}
   (You found it on level 8 of the Dungeon)

   [ring of resist corrosion]

   Int:       It affects your intelligence (-3).
   rPois:     It protects you from poison.
   rN:        It greatly protects you from negative energy.
   rCorr:     It protects you from acid and corrosion.
 q - a ring of fire (right hand)
 Q - an amulet of reflection (around neck)
Wands
 w - a wand of flame (14)
 J - a wand of iceblast (8)
 P - a wand of paralysis (13)
Scrolls
 f - 4 scrolls of fear
 j - 3 scrolls of summoning
 m - a scroll of noise {unknown}
 s - 2 scrolls of torment
 t - 3 scrolls of brand weapon
 B - 3 scrolls of magic mapping {unknown}
 C - 2 scrolls of teleportation {unknown}
 F - a scroll of enchant armour {unknown}
 G - 4 scrolls of immolation {unknown}
 K - 3 scrolls of vulnerability {unknown}
 R - a scroll of fog {unknown}
 Z - a scroll of enchant weapon {unknown}
Potions
 a - 2 potions of cancellation
 b - 4 potions of curing
 d - a potion of berserk rage {unknown}
 g - a potion of might {unknown}
 h - 4 potions of resistance
 n - 3 potions of lignification
 p - 2 potions of brilliance
 r - 2 potions of attraction
 z - 2 potions of ambrosia
 D - a potion of magic {unknown}
 H - a potion of heal wounds
 L - 2 potions of invisibility
 M - 2 potions of haste
 O - 4 potions of mutation


   Skills:
 - Level 10.0 Fighting
 + Level 3.9 Long Blades
 - Level 2.1 Dodging
 - Level 1.5 Stealth
 - Level 10.0 Spellcasting
 - Level 10.0 Invocations


You had 4 spell levels left.
You knew the following spells:

 Your Spells              Type           Power      Damage    Failure   Level
a - Magic Dart            Conj           100%       1d8       1%          1
b - Searing Ray           Conj           100%       2d8       1%          2
c - Dazzling Flash        Conj/Hex       100%       N/A       1%          3
d - Fulminant Prism       Conj/Hex       26%        3d14      1%          4
e - Iskenderun's Mystic   Conj/Tloc      53%        2d11      1%          4
f - Sandblast             Erth           100%       2d20      1%          1
g - Blink                 Tloc           100%       N/A       1%          2
h - Ensorcelled Hibernat  Hex/Ice        100%       N/A       1%          2
i - Teleport Other        Tloc           53%        N/A       1%          3
j - Fireball              Conj/Fire      35%        3d15      5%          5
Your spell library was empty.

Dungeon Overview and Level Annotations

Branches:
Dungeon (11/15)            Temple (1/1) D:6            Lair (1/6) D:8
Ossuary (visited)
    Orc: D:9-12

Altars:
Ashenzari
Cheibriados
Dithmenos
Elyvilon
Fedhas
Gozag
Hepliaklqana
Kikubaaqudgha
Makhleb
Nemelex Xobeh
Okawaru
Qazlal
Ru
Sif Muna
Trog
Uskayaw
Vehumet
Wu Jian
Xom
Yredelemnul
Zin
The Shining One

Annotations:
D:6 1 runed translucent door, Crazy Yiuf
D:10 dig4loot
Lair:1 exclusion: oklob plant


Innate Abilities, Weirdness & Mutations

You are immune to sickness and miasma.
You are immune to poison.
Your flesh is very heat resistant. (rF++)
You are vulnerable to cold. (rC-)
You float through the air rather than walking.
You learn spells naturally, not from books.
Your magical power is your life essence.
You have superior vitality. (+4 MHP)


Message History

The seven-headed hydra seems to regain its courage.
You feel yourself speed up.
Your magical contamination has completely faded away.
You start resting.
A seven-headed hydra is nearby!
There is a staircase back to the Dungeon here.
You fly upwards.
Welcome back to the Dungeon!
There is a staircase to the Lair here.
You start resting.
HP restored.
You fly downwards.
Welcome back to the Lair of Beasts!
Level annotation: exclusion: oklob plant The seven-headed hydra closely misses you.
You block the seven-headed hydra's attack.
The seven-headed hydra misses you.
You block the seven-headed hydra's attack.
The seven-headed hydra barely misses you.
The seven-headed hydra bites you! The seven-headed hydra bites you.
There is a staircase back to the Dungeon here.
Casting: Fulminant Prism (mildly dangerous; 1% risk of failure)
Confirm with . or Enter, or press ? or * to list all spells.
Aiming: Fulminant Prism (mildly dangerous; 1% risk of failure)
Press: ? - help, Dir - move target You conjure a prism of explosive energy!
A fulminant prism comes into view.
The seven-headed hydra bites you but does no damage.
The seven-headed hydra bites you.
The seven-headed hydra closely misses you.
The seven-headed hydra bites you! x4
You barely miss the seven-headed hydra.
The seven-headed hydra barely misses you.
The seven-headed hydra bites you!
* * * LOW HITPOINT WARNING * * *
The seven-headed hydra bites you!
* * * LOW HITPOINT WARNING * * *
You block the seven-headed hydra's attack. x2
The seven-headed hydra bites you!
* * * LOW HITPOINT WARNING * * *
The seven-headed hydra bites you.
You die...

...........## ..#...#.#
...........# #...#.. #.## ####
...........## #...#.. #..###...
............# #...P+###........
............#####................
.................................
...............###.####+#.###....
#.#............#[).*........#....
###............#@D"######...#....
#............P.#.......#..#....
#......................#.......
#............#..#P.##.##..#....
##.........................+....
##....###........................
....### #......#............#....
....# #.......######.#.####....
###.# #........................


You could see a seven-headed hydra (ally target) and a friendly fulminant prism.

Vanquished Creatures
  Gastronok (D:9)
  4 two-headed ogres
  2 centaur zombies
  A black mamba (Lair:1)
  A cane toad (Lair:1)
  A komodo dragon (Lair:1)
  2 trolls (D:10)
  5 blink frogs (Lair:1)
  A hornet (D:9)
  A shadow (D:9)
  17 yaks
  A vampire (D:10)
  A steam dragon (D:6)
  Eustachio (D:5)
  A wyvern (Lair:1)
  A water moccasin (Lair:1)
  3 orc warriors
  A black bear (D:10)
  A sky beast (D:7)
  A necrophage (D:6)
  3 centaurs
  6 wolves (Lair:1)
  An ogre (D:4)
  A phantom (D:5)
  A kobold brigand (D:9)
  7 bullfrogs
  2 gnoll sergeants
  3 water moccasin zombies (Ossuary)
  4 killer bees
  A howler monkey (D:10)
  3 wights (D:7)
  A jelly (D:4)
  2 orc priests
  2 hounds (D:4)
  3 bullfrog skeletons
  6 iguanas
  A gnoll shaman (D:5)
  4 orc wizards
  2 mummies (Ossuary)
  16 gnolls
  9 adders
  A shadow imp (D:5)
  2 ufetubi
  10 adder zombies (Ossuary)
  An adder skeleton (D:4)
  2 worms
  20 orcs
  7 ball pythons
  6 endoplasms
  2 giant cockroaches (D:1)
  3 gnoll zombies (Ossuary)
  6 goblins
  9 hobgoblins
  6 jackals
  11 kobolds
  A quokka (D:3)
  7 bats
  4 frilled lizards
  7 hobgoblin zombies (Ossuary)
  7 kobold zombies (Ossuary)
  3 orc zombies (Ossuary)
  4 rats
244 creatures vanquished.

Vanquished Creatures (others)
  An orc (D:6)
  72 fulminant prisms
  7 fungi (Lair:1)
  4 plants
84 creatures vanquished.

Grand Total: 328 creatures vanquished

Notes
Turn   | Place    | Note
-------+----------+-------------------------------------------
     0 | D:1      | fragbeetle the Djinni Conjurer began the quest for the Orb.
     0 | D:1      | Reached XP level 1. HP: 15/15 MP: 0/0
   245 | D:1      | Reached XP level 2. HP: 19/21 MP: 0/0
   696 | D:1      | Reached XP level 3. HP: 18/25 MP: 0/0
   696 | D:1      | Learned a level 1 spell: Sandblast
  1545 | D:2      | Found a blossoming altar of Fedhas.
  1602 | D:2      | Reached XP level 4. HP: 24/31 MP: 0/0
  2800 | D:3      | Reached XP level 5. HP: 33/35 MP: 0/0
  2800 | D:3      | Learned a level 2 spell: Blink
  2815 | D:3      | Found a faded altar of an unknown god.
  2960 | D:3      | Reached skill level 5 in Spellcasting
  3491 | D:4      | Identified the +2 robe "Memotroumn" {*Slow Will+ Regen+
                  | Dex+3}
  3583 | D:4      | Reached XP level 6. HP: 39/40 MP: 0/0
  3629 | D:4      | Noticed a two-headed ogre
  3757 | D:4      | Noticed an ogre
  3771 | D:4      | Killed an ogre
  3897 | D:4      | Reached skill level 1 in Fighting
  3897 | D:4      | Reached XP level 7. HP: 44/47 MP: 0/0
  3897 | D:4      | Learned a level 2 spell: Ensorcelled Hibernation
  4582 | D:4      | Killed a two-headed ogre
  4583 | D:4      | Reached XP level 8. HP: 14/62 MP: 0/0
  4730 | D:5      | Entered Level 5 of the Dungeon
  5012 | D:5      | Found an opulent altar of Gozag.
  5098 | D:5      | Noticed Eustachio
  5124 | D:5      | Killed Eustachio
  5217 | D:5      | Found a hide-covered altar of Uskayaw.
  5327 | D:6      | Reached XP level 9. HP: 69/70 MP: 0/0
  5327 | D:6      | Learned a level 3 spell: Teleport Other
  5342 | D:6      | Found a runed translucent door.
  5343 | D:6      | Noticed Crazy Yiuf
  5345 | D:6      | Identified the +3 mace of Misery {drain, Str+4}
  5530 | D:6      | Identified the +3 plate armour of the Old World {+Inv Will-
                  | Int+6 Dex-4}
  5548 | D:6      | Found a staircase to the Ecumenical Temple.
  5554 | Temple   | Entered the Ecumenical Temple
  5875 | Temple   | Became a worshipper of Makhleb the Destroyer
  6454 | D:7      | Reached skill level 10 in Fighting
  6978 | D:8      | Noticed a two-headed ogre
  7067 | D:8      | Found a stormy altar of Qazlal.
  7110 | D:8      | Found a staircase to the Lair.
  7259 | D:8      | Found a sand-covered staircase.
  7327 | Ossuary  | Entered an ossuary
  7346 | Ossuary  | Reached * piety under Makhleb
  7383 | Ossuary  | Reached XP level 10. HP: 78/80 MP: 0/0
  7721 | D:8      | Identified the ring of Zarenk {rPois rN++ rCorr Int-3}
  7924 | D:9      | Reached ** piety under Makhleb
  8159 | D:9      | Identified the +3 leather armour of Failure {rC+ Int+2}
  8226 | D:9      | Noticed a two-headed ogre
  8234 | D:9      | Killed a two-headed ogre
  8434 | D:9      | Found a broken altar of Ashenzari.
  8614 | D:9      | Noticed Gastronok
  8625 | D:9      | Killed Gastronok
  8626 | D:9      | Reached skill level 10 in Spellcasting
  8626 | D:9      | Reached skill level 1 in Invocations
  8626 | D:9      | Reached XP level 11. HP: 45/85 MP: 0/0
  8626 | D:9      | Learned a level 5 spell: Fireball
  8888 | D:10     | Entered Level 10 of the Dungeon
  8952 | D:10     | Reached skill level 5 in Invocations
  9035 | D:10     | Noticed a two-headed ogre
  9042 | D:10     | Killed a two-headed ogre
  9165 | D:10     | Noticed a two-headed ogre
  9178 | D:10     | Killed a two-headed ogre
 10171 | D:10     | Found the +5 robe of Misfortune {Harm *Corrode *Slow EV+5}
 10257 | D:11     | Noticed a cyclops
 10552 | D:11     | Noticed a skeletal warrior
 10624 | Lair:1   | Entered Level 1 of the Lair of Beasts
 10655 | Lair:1   | Reached XP level 12. HP: 89/91 MP: 0/0
 10809 | Lair:1   | Found a sparkling altar of Nemelex Xobeh.
 10998 | Lair:1   | Reached skill level 10 in Invocations
 10998 | Lair:1   | Reached skill level 1 in Long Blades
 11148 | Lair:1   | Noticed a seven-headed hydra
 11782 | Lair:1   | HP: 3/91 [seven-headed hydra (11)]
 11782 | Lair:1   | Slain by a seven-headed hydra

Illustrated notes

Levels and vault maps discovered:
D:1:      psy_arrival_statuary, layout_basic
D:2:      layout_loops_cross, basic_altar
D:3:      layout_rooms, shapermc_ecumenical_altar_mp_vishouse
D:4:      minmay_clustersquares, layout_basic, saegor_snake_ambush
D:5:      layout_basic, mainiacjoe_overflow_swirl, uniq_eustachio
D:6:      layout_rooms, minmay_temple_entry_statues_pillars,
          uniq_crazy_yiuf_cottage
D:7:      layout_rooms, hangedman_decor_points, corner_web_ring
D:8:      layout_rooms, grunt_qazlal_sundering, dpeg_oklobed_lair,
          nicolae_ossuary_entry_ruins
D:9:      layout_small_grid, cheibrodos_ashenzari_chains, uniq_gastronok
D:10:     kennysheep_ambush_hall, layout_irregular_city, minivault_21
D:11:     layout_cave_pools, orc_0_dummy
Temple:   dpeg_five_rooms_temple
Lair:1:   layout_chaotic_city, lemuel_oklob_altar, lemuel_fruit_tree

Skill      XL: |  1  2  3  4  5  6  7  8  9 10 11 12 |
---------------+-------------------------------------+-----
Spellcasting   | 4 5 6 7 10 | 10.0
Fighting       | 1 6 8 10 | 10.0
Invocations    | 1 9 10 | 10.0
Long Blades    | 3 |  3.9
Dodging        | |  2.1
Stealth        | |  1.5

Action                   |  1- 3 |  4- 6 |  7- 9 | 10-12 || total
-------------------------+-------+-------+-------+-------++-------
Melee: Dagger            |    26 |    63 |    64 |    17 ||   170
       Long sword        |       |       |       |    29 ||    29
Throw: Dart              |       |       |     2 |     4 ||     6
       Throwing net      |       |       |     1 |       ||     1
 Cast: Magic Dart        |    42 |    30 |    17 |     3 ||    92
       Searing Ray       |       |    15 |    51 |    57 ||   123
       Fulminant Prism   |       |     1 |    22 |    50 ||    73
       Sandblast         |       |       |     2 |       ||     2
       Ensorcelled Hiber |       |       |     1 |       ||     1
       Fireball          |       |       |       |     3 ||     3
  Use: Scroll            |       |       |       |    17 ||    17
       Potion            |       |       |       |     1 ||     1
 Stab: Sleeping          |     2 |     1 |     1 |       ||     4
Armor: Robe              |     6 |    10 |    37 |     4 ||    57
       Leather armour    |       |       |       |    49 ||    49
Dodge: Dodged            |    20 |    35 |    68 |    68 ||   191
Block: Buckler           |     1 |     7 |    63 |    69 ||   140
       Reflection        |       |       |     5 |     2 ||     7

Table legend: (Time is in decaauts)
 A = Elapsed time spent in this place.
 B = Non-inter-level travel time spent in this place.
 C = Inter-level travel time spent in this place.
 D = Time resting spent in this place.
 E = Time spent auto-exploring this place.
 F = Levels seen in this place.
 G = Mean time per level.
                   A        B        C        D        E       F      G
               +--------+--------+--------+--------+--------+-----+--------+
         Total |  11848 |  11128 |    720 |   1860 |   6719 |  14 |  846.3 |
       Dungeon |  10344 |   9719 |    625 |   1329 |   6256 |  11 |  940.4 |
        Temple |    354 |    260 |     94 |      0 |    248 |   1 |  354.0 |
          Lair |    906 |    906 |      0 |    426 |    215 |   1 |  906.0 |
       Ossuary |    242 |    242 |      0 |    105 |      0 |   1 |  242.0 |
               +--------+--------+--------+--------+--------+-----+--------+

Top non-repeatable levels by time:
    D:10: 1664 daAuts
     D:2: 1503 daAuts
     D:4: 1247 daAuts
     D:9: 1150 daAuts
     D:1: 1123 daAuts
  Lair:1: 906 daAuts
     D:3: 860 daAuts
     D:8: 809 daAuts
     D:7: 690 daAuts
     D:6: 684 daAuts
     D:5: 577 daAuts
  Temple: 354 daAuts
 Ossuary: 242 daAuts
    D:11: 33 daAuts
